 Dungeon Crawl Stone Soup version 0.19.1 (webtiles) character file.

26467 FortunaImperatrix the Carver (level 12, -18/105 HPs)
             Began as a Minotaur Fighter on Dec 5, 2016.
             Was a High Priest of Okawaru.
             Killed from afar by a shadow dragon (41 damage)
             ... with a bolt of negative energy
             ... on level 12 of the Dungeon.
             The game lasted 01:01:58 (16989 turns).

FortunaImperatrix the Carver (Minotaur Fighter)    Turns: 16989, Time: 01:01:59

Health: -18/105    AC: 18    Str: 28    XL:     12   Next: 98%
Magic:  0/15       EV:  8    Int:  7    God:    Okawaru [*****.]
Gold:   606        SH: 14    Dex:  8    Spells: 0 memorised, 11 levels left

rFire  + . .     SeeInvis .     V - +3 long sword
rCold  x . .     Gourm    .     H - +0 plate armour
rNeg   . . .     Faith    .     c - +0 shield
rPois  .         Spirit   +     (helmet restricted)
rElec  .         Reflect  .     R - +0 cloak
rCorr  .         Harm     .     B - +0 pair of gloves
MR     +....                    (no boots)
Stlth  ..........               G - amulet of guardian spirit
                                p - ring of protection from magic
                                s - ring of fire

@: heroism, finesse, heavily drained
A: retaliatory headbutt, horns 2, clever 1, clumsy 1, strong 1
a: Heroism, Finesse, Renounce Religion


You were on level 12 of the Dungeon.
You worshipped Okawaru.
Okawaru was extremely pleased with you.
You were very hungry.

You visited 2 branches of the dungeon, and saw 13 of its levels.
You also visited: Ossuary.

You collected 606 gold pieces.

Inventory:

Hand Weapons
 V - a +3 long sword (weapon)
Missiles
 o - 48 poisoned needles
Armour
 c - a +0 shield (worn)
 B - a +0 pair of gloves (worn)
 H - a +0 plate armour (worn)
 R - a +0 cloak (worn)
Jewellery
 p - a ring of protection from magic (right hand)
 s - a ring of fire (left hand)
 G - an amulet of guardian spirit (around neck)
 Q - an uncursed ring of protection from cold
Wands
 d - a wand of acid (0/15)
 x - a wand of hasting (3/9)
 y - a wand of heal wounds (1/9)
 D - a wand of iceblast (5/15)
 F - a wand of confusion (7/48)
 I - a wand of polymorph (8/24)
 K - a wand of acid (0/15)
 T - a wand of lightning (1/15)
 U - a wand of teleportation (5/9)
Scrolls
 b - 8 scrolls of identify
 f - 5 scrolls of magic mapping
 h - 3 scrolls of enchant weapon {unknown}
 i - 4 scrolls of remove curse
 j - 2 scrolls of fog {unknown}
 l - 4 scrolls of teleportation
 q - a scroll of vulnerability {unknown}
 r - 2 scrolls of amnesia {unknown}
 t - 2 scrolls of noise {unknown}
 C - a scroll of acquirement {unknown}
 E - 3 scrolls of immolation {unknown}
 L - 2 scrolls of recharging {unknown}
 Z - a scroll of enchant armour {unknown}
Potions
 e - a potion of berserk rage {unknown}
 g - a potion of cancellation {unknown}
 k - a potion of cure mutation {unknown}
 m - a potion of haste {unknown}
 n - 2 potions of heal wounds {unknown}
 v - 5 potions of curing
 w - a potion of invisibility {unknown}
 z - a potion of ambrosia {unknown}
 A - a potion of lignification {unknown}
 J - a potion of agility {unknown}
 N - a potion of flight {unknown}
 O - 2 potions of magic
Miscellaneous
 u - a phantom mirror
Comestibles
 M - 7 bread rations
 P - 8 slices of pizza
 S - 3 meat rations
 W - a beef jerky


   Skills:
 + Level 9.4(10.9) Fighting
 + Level 14.8(15.8) Long Blades
 + Level 11.0(12.3) Armour
 - Level 0.3(2.5) Stealth
 * Level 14.7(15.7) Shields
 * Level 6.3(3.4) Invocations
 + Level 0.3(0.0) Evocations


You had 11 spell levels left.
You didn't know any spells.

Dungeon Overview and Level Annotations

Branches:
Dungeon (12/15)            Temple (1/1) D:6            Lair (0/6) D:10
    Orc (0/2) D:12

Altars:
Ashenzari
Cheibriados
Dithmenos
Elyvilon
Fedhas
Gozag
Hepliaklqana
Kikubaaqudgha
Makhleb
Nemelex Xobeh
Okawaru
Qazlal
Ru
Sif Muna
Trog
Uskayaw
Vehumet
Xom
Yredelemnul
Zin
The Shining One

Shops:
D:8 %   D:9 (

Annotations:
D:10 exclusion: obsidian statue


Innate Abilities, Weirdness & Mutations

You reflexively headbutt those who attack you in melee.
You have a pair of horns on your head.
Your mind is acute. (Int +2)
You are clumsy. (Dex -2)
Your muscles are strong. (Str +2)


Message History

You hit the shadow dragon but do no damage.
The shadow dragon is severely wounded.
The bullfrog skeleton misses you.
Your plate armour prevents you from hitting the shadow dragon.
You headbutt the shadow dragon, but do no damage.
The shadow dragon is severely wounded.
The shadow dragon bites you.
* * * LOW HITPOINT WARNING * * *
You block the shadow dragon's attack. The shadow dragon claws you.
* * * LOW HITPOINT WARNING * * *
You slash the shadow dragon!
The shadow dragon is severely wounded.
You hit the shadow dragon but do no damage.
The shadow dragon is severely wounded.
You block the bullfrog skeleton's attack.
You closely miss the shadow dragon.
The shadow dragon is severely wounded.
The shadow dragon breathes negative energy at you.
The bolt of negative energy hits you!
You feel drained.
You die...

#...###...#..# #..#
###..# #..#..# ##.#
.c..# ..'..# #.# #..##
#..#.## #.#
#.D.###...#.# #.#
##.......##. #.#
##.yc..## #.#
#########D#####. #.#
........@.......# #.#
######Z##.###### #.#
#.....# ###+## #.#####
#..... #.# #.....
####'######## ####.....
#...........# #..'[....
#...........###.##.....
#....>......##..##.....


You could see a shadow dragon, a yaktaur captain and a bullfrog skeleton.

Vanquished Creatures
  Nessos (D:12)
  The ghost of Geoffrax the Carver, a journeyman DgGl (D:11)
  A hydra (D:10)
  A tengu warrior (D:12)
  The ghost of spsoon the Cleaver, a journeyman VSAK of Lugonu (D:11)
  Urug (D:12)
  The ghost of ziggurnaut the Destroyer, a novice DrCj of Vehumet (D:8)
  2 unseen horrors (D:12)
  Pikel (D:9)
  7 hill giants
  A deep elf mage (D:12)
  3 ugly things
  Maurice (D:10)
  The ghost of Duelies the Chopper, a novice MiFi (D:6)
  3 kobold demonologists (D:12)
  3 trolls
  2 two-headed ogres
  Prince Ribbit (D:6)
  The ghost of yaymichael the Slasher, an amateur HESk (D:5)
  2 hippogriffs
  A shadow (D:12)
  Sigmund (D:2)
  A human (D:8)
  19 yaks
  2 wyverns
  4 hogs (D:8)
  A warg (D:12)
  Menkaure (D:6)
  Edmund (D:6)
  A water moccasin (D:9)
  7 phantoms
  A hornet zombie (D:6)
  9 orc warriors
  2 ice beasts
  2 sky beasts
  2 black bears
  2 eyes of draining
  6 ogres
  7 centaurs
  The ghost of yaymichael the Charmwright, an amateur HESk (D:4)
  2 big kobolds
  12 bullfrogs
  2 water moccasin zombies
  A wyvern skeleton (D:12)
  2 scorpions
  14 killer bees
  2 centaur zombies
  9 howler monkeys
  9 crimson imps
  A quasit (D:8)
  A bullfrog zombie (D:11)
  5 hounds
  10 orc priests
  3 centaur skeletons
  Crazy Yiuf (D:6)
  Ijyb (D:2)
  18 orc wizards
  2 bullfrog skeletons (D:6)
  An iguana (D:6)
  10 worker ants
  Terence (D:2)
  2 killer bee zombies
  2 big kobold zombies (Ossuary)
  2 hound zombies
  4 hound skeletons
  3 mummies (Ossuary)
  Robin (D:2)
  A worker ant zombie (D:8)
  8 gnolls
  12 adders
  3 shadow imps
  2 oozes
  An adder zombie (D:6)
  3 worms
  4 leopard geckos
  52 orcs
  A ball python (D:3)
  7 bats
  4 giant cockroaches
  15 hobgoblins
  5 jackals
  5 quokkas
  2 frilled lizards (D:2)
  15 goblins
  2 goblin zombies (Ossuary)
  A hobgoblin zombie (Ossuary)
  A jackal skeleton (D:7)
  10 kobolds
  A kobold zombie (Ossuary)
  A leopard gecko zombie (D:8)
  An orc zombie (Ossuary)
  9 rats
  2 plants (D:4)
395 creatures vanquished.

Vanquished Creatures (others)
  A yak (D:9)
  3 slaves (D:9)
  A bullfrog (D:9)
  A jelly (D:9)
  A leopard gecko (D:9)
  A goblin (D:2)
8 creatures vanquished.

Grand Total: 403 creatures vanquished

Notes
Turn   | Place    | Note
-------+----------+-------------------------------------------
     0 | D:1      | FortunaImperatrix the Minotaur Fighter began the quest for the Orb.
     0 | D:1      | Reached XP level 1. HP: 19/19 MP: 0/0
    71 | D:3      | Noticed an orc priest
    73 | D:3      | Noticed an orc wizard
    74 | D:3      | Noticed an orc wizard
   110 | D:2      | Reached XP level 2. HP: 22/27 MP: 1/1
   244 | D:3      | Reached XP level 3. HP: 33/33 MP: 2/2
   251 | D:3      | Reached XP level 4. HP: 17/40 MP: 3/3
   253 | D:3      | Reached skill level 5 in Shields
   318 | D:4      | Noticed an ogre
   350 | D:4      | Killed an ogre
   350 | D:4      | Reached XP level 5. HP: 17/46 MP: 4/4
   952 | D:4      | Noticed a phantom
   974 | D:4      | Killed a phantom
   974 | D:4      | Reached skill level 5 in Armour
   974 | D:4      | Reached XP level 6. HP: 36/53 MP: 5/5
  1075 | D:4      | Noticed yaymichael's ghost (amateur HESk)
  1077 | D:4      | Found an opulent altar of Gozag.
  1092 | D:4      | Killed yaymichael's ghost
  1092 | D:4      | Reached skill level 5 in Long Blades
  1438 | D:5      | Entered Level 5 of the Dungeon
  1484 | D:5      | Found a sand-covered staircase.
  1489 | Ossuary  | Entered an ossuary
  1516 | Ossuary  | Reached XP level 7. HP: 60/60 MP: 6/6
  1636 | Ossuary  | Gained mutation: You are clumsy. (Dex -2) [potion of mutation]
  1636 | Ossuary  | Gained mutation: Your muscles are strong. (Str +2) [potion of mutation]
  1636 | Ossuary  | Gained mutation: Your mind is acute. (Int +2) [potion of mutation]
  1763 | Ossuary  | Reached skill level 5 in Fighting
  1793 | D:5      | Noticed yaymichael's ghost (amateur HESk)
  2416 | D:5      | Killed yaymichael's ghost
  2690 | D:5      | Reached XP level 8. HP: 54/68 MP: 7/7
  3152 | D:6      | Noticed Prince Ribbit
  3167 | D:6      | Killed Prince Ribbit
  3240 | D:6      | Noticed Duelies's ghost (novice MiFi)
  3256 | D:6      | Killed Duelies's ghost
  3638 | D:6      | Reached XP level 9. HP: 62/75 MP: 8/8
  3811 | D:6      | Noticed Menkaure
  3824 | D:6      | Killed Menkaure
  3996 | D:6      | Noticed Edmund
  4024 | D:6      | Killed Edmund
  4162 | D:6      | Found a staircase to the Ecumenical Temple.
  4168 | Temple   | Entered the Ecumenical Temple
  4301 | Temple   | Became a worshipper of Warmaster Okawaru
  4437 | D:3      | Found a shattered altar of Ashenzari.
  4567 | D:3      | Reached skill level 10 in Long Blades
  5039 | D:3      | Found a glowing silver altar of Zin.
  5137 | D:2      | Noticed Sigmund
  5149 | D:2      | Killed Sigmund
  5302 | D:2      | Noticed Ijyb
  5313 | D:2      | Killed Ijyb
  5361 | D:2      | Noticed Robin
  5373 | D:2      | Killed Robin
  5539 | D:2      | Found a hazy altar of Hepliaklqana.
  5725 | D:2      | Found a hide-covered altar of Uskayaw.
  5725 | D:2      | Noticed a dagger
  5725 | D:2      | Noticed a dagger
  5725 | D:2      | Noticed Terence
  5732 | D:2      | Killed Terence
  6756 | D:6      | Found a sacrificial altar of Ru.
  6822 | D:6      | Found a snail-covered altar of Cheibriados.
  6832 | D:6      | Found a bloodstained altar of Trog.
  7003 | D:6      | Reached * piety under Okawaru
  7104 | D:6      | Found a runed door.
  7108 | D:6      | Noticed Crazy Yiuf
  7116 | D:6      | Killed Crazy Yiuf
  7516 | D:7      | Reached skill level 10 in Shields
  7516 | D:7      | Reached skill level 1 in Invocations
  7516 | D:7      | Reached XP level 10. HP: 29/84 MP: 7/9
  8557 | D:8      | Noticed ziggurnaut's ghost (novice DrCj)
  8656 | D:8      | Killed ziggurnaut's ghost
  8656 | D:8      | Reached ** piety under Okawaru
  9133 | D:8      | HP: 4/86 [poisoned by a killer bee]
  9141 | D:8      | HP: 4/86 [poisoned by a killer bee]
  9149 | D:8      | HP: 4/86 [poisoned by a killer bee]
  9596 | D:8      | Found Beduiwu's Food Shoppe.
  9612 | D:8      | Found a blossoming altar of Fedhas.
  9695 | D:8      | Reached *** piety under Okawaru
 10508 | D:9      | Reached XP level 11. HP: 74/92 MP: 8/12
 10525 | D:9      | Noticed Pikel
 10554 | D:9      | Killed Pikel
 10641 | D:9      | Found a shadowy altar of Dithmenos.
 10690 | D:9      | Found a white marble altar of Elyvilon.
 10892 | D:9      | Found Niry's Weapon Boutique.
 10910 | D:9      | Found a shimmering altar of Xom.
 11093 | D:9      | Reached **** piety under Okawaru
 11291 | D:10     | Entered Level 10 of the Dungeon
 11291 | D:10     | Noticed Maurice
 11362 | D:10     | Noticed an obsidian statue
 11464 | D:10     | Killed Maurice
 11895 | D:10     | Found a staircase to the Lair.
 12448 | D:11     | Noticed a hill giant
 12457 | D:11     | Killed a hill giant
 12503 | D:11     | Reached ***** piety under Okawaru
 12690 | D:11     | Noticed Geoffrax's ghost (journeyman DgGl)
 12700 | D:11     | Noticed a five-headed hydra
 13182 | D:10     | Killed a six-headed hydra
 13568 | D:11     | Noticed a cyan ugly thing
 13591 | D:11     | Noticed spsoon's ghost (journeyman VSAK)
 13630 | D:11     | Killed a cyan ugly thing
 13954 | D:11     | Killed spsoon's ghost
 13974 | D:11     | Reached XP level 12. HP: 53/103 MP: 7/14
 14030 | D:11     | Killed Geoffrax's ghost
 14030 | D:11     | Reached skill level 10 in Armour
 14030 | D:11     | Reached skill level 5 in Invocations
 14354 | D:11     | Found a stormy altar of Qazlal.
 14399 | D:11     | Received a gift from Okawaru
 15051 | D:12     | Noticed Nessos
 15094 | D:12     | Killed Nessos
 15495 | D:12     | Received a gift from Okawaru
 15496 | D:12     | Got an ancient robe {god gift}
 15911 | D:12     | Found a staircase to the Orcish Mines.
 16069 | D:12     | Noticed Urug
 16093 | D:12     | Killed Urug
 16242 | D:12     | Noticed a tengu warrior
 16283 | D:12     | Killed a tengu warrior
 16826 | D:12     | Noticed a five-headed hydra
 16948 | D:12     | Noticed a shadow dragon
 16948 | D:12     | Noticed a yaktaur captain
 16979 | D:12     | Noticed a centaur warrior
 16989 | D:12     | Killed from afar by a shadow dragon

Skill      XL: |  1  2  3  4  5  6  7  8  9 10 11 12 |
---------------+-------------------------------------+-----
Armour         | 4 5 6 7 8 9 11 | 11.0
Shields        | 4 5 6 8 10 11 13 14 | 14.7
Fighting       | 4 5 6 7 8 9 |  9.4
Long Blades    | 3 4 5 7 9 11 12 13 14 | 14.8
Invocations    | 1 3 4 6 |  6.3
Stealth        | |  0.3
Evocations     | |  0.3

Action                   |  1- 3 |  4- 6 |  7- 9 | 10-12 || total
-------------------------+-------+-------+-------+-------++-------
Melee: Long sword        |    22 |   120 |   550 |  1256 ||  1948
       Headbutt          |     1 |    27 |    97 |   258 ||   383
Invok: Heroism           |       |       |       |     7 ||     7
       Finesse           |       |       |       |     4 ||     4
Evoke: Wand              |       |       |       |     6 ||     6
  Use: Potion            |       |       |     6 |     5 ||    11
       Scroll            |       |       |    10 |     4 ||    14
 Stab: Paralysed         |       |       |     1 |       ||     1
  Eat: Bread ration      |       |     1 |     1 |       ||     2
       Chunk             |       |       |    13 |    29 ||    42
       Beef jerky        |       |       |       |     1 ||     1
Armor: Scale mail        |     5 |     1 |       |       ||     6
       Chain mail        |       |    25 |    64 |       ||    89
       Plate armour      |       |       |   105 |   469 ||   574
Dodge: Dodged            |     7 |    17 |   131 |   259 ||   414
Block: Shield            |    10 |    35 |   306 |   691 ||  1042
       Rpst.: Long sword |     3 |     4 |    30 |    60 ||    97
